 Dungeon Crawl Stone Soup version 0.31.0-12-g77e489cdc1 (webtiles) character file.

Game seed: 6632718629649169766

11690 Aldia the Summoner (level 11, -20/56 HPs)
             Began as a Felid Summoner on Feb 12, 2024.
             Was an Initiate of Gozag.
             Shot with a bolt by a yaktaur (29 damage)
             ... on level 10 of the Dungeon.
             The game lasted 00:41:47 (13340 turns).

Aldia the Summoner (Felid Summoner)                Turns: 13340, Time: 00:41:48

Health: -20/56     AC:  2    Str:  4    XL:     11   Next: 52%
Magic:  6/24       EV: 23    Int: 23    God:    Gozag
Gold:   380        SH:  0    Dex: 17    Spells: 6/27 levels left
                                        Lives:  0   Deaths: 4

rFire   + . .        (weapon unavailable)
rCold   . . .        (shield unavailable)
rNeg    + . .        (body armour unavailable)
rPois   +            (helmet unavailable)
rElec   .            (cloak unavailable)
rCorr   .            (gloves unavailable)
SInv    +            (boots unavailable)
Will    +....        (no amulet)
Stlth   ++++         s - ring "Biesh" {Fly rPois rN+ SInv Stlth+}
HPRegen 0.29/turn    h - ring of protection from fire
MPRegen 0.19/turn

%: no passive effects
@: beast-form, flying
A: beast (slay +0), very small, claws 1, fangs 3, see invisible, shaggy fur 2,
stealthy paws, no weapons or thrown items, no armour, multi-lived
a: Begin Untransformation, Renounce Religion, Potion Petition, Call Merchant,
Bribe Branch


You were on level 10 of the Dungeon.
You worshipped Gozag.
Gozag was aware of your devotion.
You were a hulking beast.
You visited 2 branches of the dungeon, and saw 11 of its levels.

You collected 1481 gold pieces.
You spent 967 gold pieces at shops.
You paid 134 gold pieces to Gozag.

Inventory:

Jewellery
 h - a ring of protection from fire (right paw)
 n - a ring of protection from cold
 s - the ring "Biesh" (left paw) {Fly rPois rN+ SInv Stlth+}
   (You found it on level 6 of the Dungeon)

   [ring of poison resistance]

   rPois:     It protects you from poison rN+: It protects you from negative
   energy.
   SInv:      It lets you see invisible.
   Fly:       It grants you flight.
   Stlth+:    It makes you more stealthy.
 C - the ring "Worhepucei" {Fly rC+ rCorr Dex+3}
   (You took it off a skeletal warrior on level 10 of the Dungeon)

   [ring of flight]

   Dex+3:     It affects your dexterity (+3).
   rC+:       It protects you from cold.
   Fly:       It grants you flight.
   rCorr:     It protects you from acid and corrosion.
 D - a +5 ring of evasion
 E - a ring of protection from fire
Talismans
 B - a beast talisman (active)
Wands
 t - a wand of charming (6)
 w - a wand of iceblast (9)
 y - a wand of polymorph (15)
Scrolls
 b - 2 scrolls of noise
 d - a scroll of vulnerability {unknown}
 i - a scroll of teleportation
 o - a scroll of fear {unknown}
 r - a scroll of amnesia {unknown}
 x - a scroll of silence
 z - 2 scrolls of immolation
 A - a scroll of fog
Potions
 a - 3 potions of magic
 c - 3 potions of enlightenment
 e - 2 potions of lignification
 f - 3 potions of mutation
 g - 3 potions of curing
 j - a potion of attraction {unknown}
 k - 4 potions of heal wounds
 l - a potion of might {unknown}
 m - 2 potions of haste
 p - a potion of degeneration {unknown}
 q - 2 potions of berserk rage
 u - 3 potions of cancellation


   Skills:
 + Level 6.1 Fighting
 + Level 9.6 Dodging
 - Level 4.1 Stealth
 + Level 8.5 Spellcasting
 + Level 9.9 Summonings
 + Level 7.2 Translocations
 - Level 5.0 Fire Magic
 - Level 5.0 Air Magic


You had 6 spell levels left.
You knew the following spells:

 Your Spells              Type           Power      Damage    Failure   Level
a - Summon Small Mammal   Summ           100%       N/A       1%          1
b - Call Imp              Summ           100%       N/A       1%          2
c - Call Canine Familiar  Summ           53%        N/A       1%          3
d - Summon Blazeheart Go  Fire/Summ      44%        N/A       3%          4
e - Summon Lightning Spi  Summ/Air       44%        N/A       3%          4
f - Blink                 Tloc           84%        N/A       1%          2
g - Summon Forest         Summ/Tloc      24%        N/A       5%          5

Your spell library contained the following spells:

 Spells                   Type           Power      Damage    Failure   Level
 Lesser Beckoning         Tloc           84%        N/A       1%          2
 Volatile Blastmotes      Fire/Tloc      74%        2d16      1%          3
 Momentum Strike          Conj/Tloc      52%        3d9       2%          2
 Slow                     Hex            36%        N/A       7%          1
 Inner Flame              Hex/Fire       21%        N/A       7%          3
 Ensorcelled Hibernation  Hex/Ice        18%        N/A       10%         2
 Summon Cactus Giant      Summ           26%        N/A       17%         6
 Dazzling Flash           Conj/Hex       18%        N/A       21%         3
 Anguish                  Hex/Necr       4%         N/A       54%         4
 Irradiate                Conj/Alch      4%         3d13      88%         5
 Starburst                Conj/Fire      10%        6d5       98%         6
 Ignition                 Fire           16%        3d6       100%        8
 Maxwell's Capacitive Co  Air            16%        ∞         100%        8
 Dragon's Call            Summ           26%        N/A       100%        9


Dungeon Overview and Level Annotations

Branches:
Dungeon (10/15)            Temple (1/1) D:7            Lair (0/5) D:9
    Orc (0/2) D:10

Altars:
Ashenzari
Cheibriados
Dithmenos
Elyvilon
Fedhas
Gozag
Hepliaklqana
Kikubaaqudgha
Makhleb
Nemelex Xobeh
Okawaru
Ru
Sif Muna
Trog
Uskayaw
Vehumet
Wu Jian
Xom
Yredelemnul
Zin
The Shining One

Shops:
D:3 :   D:4 *   D:6 :

Annotations:
D:6 3 runed translucent doors, TheBioAlchemist's ghost, novice TrFi
D:7 2 runed translucent doors


Innate Abilities, Weirdness & Mutations

You are a hulking beast.
Your limbs bulge with bestial killing power. (Slay +0)
You have sharp claws.
You have razor-sharp teeth.
You have supernaturally acute eyesight. (SInv)
You are covered in thick fur. (AC +2)
Your paws help you pounce on unaware monsters.
You are incapable of wielding weapons or throwing items.
You cannot wear armour.
You gain extra lives every three experience levels.


Message History

The yaktaur hits you with a +0 long sword!
Unknown command.
The yaktaur unwields a +0 long sword.
The yaktaur wields a +0 arbalest.
The yaktaur shoots a bolt.
The bolt completely misses you.
You hear a howl!
Okay, then.
Your familiar recovers from its injuries.
The yaktaur shoots a bolt.
The bolt misses you.
The yaktaur shoots a bolt.
The bolt hits your blazeheart golem!!
Your blazeheart golem is engulfed in blazing flames.
Your blazeheart golem punches the yaktaur!!
You hear a howl!
Unknown command.
The yaktaur unwields a +0 arbalest.
The yaktaur wields a +0 long sword.
The yaktaur hits your blazeheart golem with a +0 long sword!
A howler monkey comes into view.
Space becomes stable.
The yaktaur hits your blazeheart golem with a +0 long sword!
Your blazeheart golem falls apart, revealing its core!
The howler monkey hoots and howls with incredible vigour!
You hear a bellow! x5
Your blazeheart core explodes!
The fiery explosion engulfs the yaktaur!
The yaktaur resists.
The yaktaur is engulfed in blazing flames.
The yaktaur unwields a +0 long sword.
The yaktaur wields a +0 arbalest.
The yaktaur shoots a bolt.
The bolt misses you.
You hear a bellow!
You see here 7 gold pieces.
Unknown command.
Okay, then.
The yaktaur is engulfed in blazing flames.
The yaktaur shoots a bolt.
The bolt hits you!!
* * * LOW HITPOINT WARNING * * *
Things that are here:
a +0 giant club; a +0 giant club The yaktaur shoots a bolt.
The bolt hits you!!
Ouch! That really hurt!
You die...
Your body crumbles into a pile of gold.

# #.# #.....(.# ##...## #
#.# #.###..)#########'####
# #.#
#.##..........#....... ##
#.# #c##..###.###...#.###.
~#
#)####.#..##....♣##.(#.###.
~#
#........##.......##.......
~#
#.########..#.#.#..########
~######.# #..#######..# ..
# ~#......# #.h#....°#..#.#
# ~####.#.# #..#)..$.c.#..♣
# ~# #.#.#
...#..#)....#h.#.# # ~#
#.§.#..#..#..#######..##..
# ~# ##..###.# ##. ..## #.#
# ~# ##..##.. ## ..♣# #..#
## #o.##.# ..# #.. ~#
#.##.# .## .# ~# #)#.#..#
.#


You could see a yaktaur.

Vanquished Creatures
  3 two-headed ogres
  Pikel (D:6)
  A manticore (D:10)
  A troll (D:9)
  A hornet (D:10)
  2 yaks
  A vampire (D:10)
  A wraith (D:10)
  2 acid dragons
  A water moccasin (D:6)
  Duvessa (D:6)
  An orc warrior (D:8)
  2 black bears (D:9)
  An ogre (D:5)
  2 lemures (D:6)
  2 kobold brigands
  2 scorpions
  A bullfrog (D:8)
  2 wights (D:7)
  4 killer bees
  2 howler monkeys
  A hound (D:6)
  2 gnoll boudas
  An iguana (D:5)
  4 orc wizards
  2 gnolls (D:8)
  2 ufetubi
  A dart slug (D:2)
  2 endoplasms (D:2)
  A giant cockroach (D:4)
  3 goblins
  5 hobgoblins
  A jackal (D:1)
  2 quokkas
  6 ball pythons
  A bat (D:9)
  2 frilled lizards
  9 kobolds
  4 rats
83 creatures vanquished.

Vanquished Creatures (collateral kills)
  A boulder beetle (D:10)
  A skeletal warrior (D:10)
  A deep elf pyromancer (D:10)
  Maurice (D:7)
  A komodo dragon (D:9)
  A troll (D:10)
  A hornet (D:9)
  2 wyverns
  A wraith (D:10)
  A centaur simulacrum (D:10)
  A yak (D:9)
  A vampire (D:10)
  An acid dragon (D:10)
  A water moccasin (D:9)
  An orc warrior (D:9)
  A sky beast (D:8)
  3 black bears
  An ogre (D:5)
  5 centaurs
  A phantom (D:5)
  2 kobold brigands (D:8)
  2 scorpions
  A bullfrog (D:9)
  A gnoll sergeant (D:9)
  8 wights
  Dowan (D:6)
  4 killer bees
  A bombardier beetle (D:5)
  5 hounds
  3 orc priests
  4 jellies
  A sleepcap (D:6)
  Jessica (D:2)
  7 orc wizards
  3 gnolls
  8 adders
  A shadow imp (D:6)
  4 ufetubi
  4 ribbon worms
  2 dart slugs
  28 orcs
  6 endoplasms
  A giant cockroach (D:2)
  6 goblins
  2 hobgoblins (D:2)
  7 jackals (D:1)
  A quokka (D:1)
  A ball python (D:2)
  7 kobolds
149 creatures vanquished.

Vanquished Creatures (others)
  41 blazeheart cores
41 creatures vanquished.

Grand Total: 273 creatures vanquished

Notes
Turn   | Place    | Note
-------+----------+-------------------------------------------
     0 | D:1      | Aldia the Felid Summoner began the quest for the Orb.
     0 | D:1      | Reached XP level 1. HP: 9/9 MP: 4/4
   104 | D:1      | Reached XP level 2. HP: 8/13 MP: 6/6
   140 | D:1      | Learned a level 2 spell: Call Imp
   639 | D:1      | Reached XP level 3. HP: 16/16 MP: 5/8
   647 | D:1      | Learned a level 3 spell: Call Canine Familiar
  1538 | D:2      | Reached XP level 4. HP: 21/21 MP: 4/9
  1538 | D:2      | Gained a life (2 lives remaining)
  1706 | D:2      | Noticed Jessica
  1711 | D:2      | Killed Jessica
  1712 | D:2      | Reached skill level 5 in Summonings
  2038 | D:3      | Found Muteffitt's Book Shop.
  2055 | D:3      | Noticed a black bear
  2087 | D:3      | Slain by a black bear
  2087 | D:3      | Lost a life (1 life remaining)
  2209 | D:3      | Learned a level 4 spell: Summon Blazeheart Golem
  2255 | D:3      | Reached XP level 5. HP: 24/24 MP: 1/11
  2331 | D:3      | Reached skill level 1 in Fire Magic
  2905 | D:3      | Killed a black bear
  2906 | D:3      | Gained mutation: You are covered in thick fur. (AC +2)
                  | [Felid growth]
  2906 | D:3      | Reached XP level 6. HP: 28/28 MP: 4/13
  3708 | D:4      | Found an ornate altar of the Wu Jian Council.
  3950 | D:4      | Found Moiluamp's Assorted Antiques.
  3973 | D:4      | Bought a scroll of identify for 56 gold pieces
  3973 | D:4      | Bought a scroll labelled AFOIKUFFOAS for 28 gold pieces
  3973 | D:4      | Bought a lumpy amethyst potion for 25 gold pieces
  4162 | D:4      | Found a burning altar of Makhleb.
  4225 | D:5      | Entered Level 5 of the Dungeon
  4249 | D:5      | Reached XP level 7. HP: 32/32 MP: 3/14
  4249 | D:5      | Gained a life (2 lives remaining)
  4254 | D:5      | Learned a level 4 spell: Summon Lightning Spire
  4388 | D:5      | You fall into a shaft and drop 2 floors!
  4602 | D:6      | Found Qitzorum's Self-Published Books.
  4843 | D:5      | HP: 1/32 [ufetubus (2)]
  5929 | D:6      | Found a white marble altar of Elyvilon.
  5950 | D:6      | Reached skill level 5 in Spellcasting
  6085 | D:6      | Reached XP level 8. HP: 37/37 MP: 9/16
  6196 | D:6      | Reached skill level 1 in Fighting
  6196 | D:6      | Reached skill level 5 in Fire Magic
  6304 | D:6      | Noticed Dowan
  6320 | D:6      | Killed Dowan
  6325 | D:6      | Identified the ring "Biesh" {Fly rPois rN+ SInv Stlth+}
  6337 | D:6      | Reached skill level 1 in Air Magic
  6367 | D:6      | Noticed Duvessa
  6376 | D:6      | Killed Duvessa
  6548 | D:6      | Identified the +1 robe of Going Fast {+Blink Archmagi}
  6552 | D:6      | Learned a level 2 spell: Blink
  6570 | D:6      | Found a runed translucent gate.
  6570 | D:6      | Found a runed translucent gate.
  6570 | D:6      | Found a runed translucent gate.
  6571 | D:6      | Noticed TheBioAlchemist's ghost (novice TrFi)
  6973 | D:6      | Noticed Pikel
  7188 | D:7      | Slain by a killer bee
  7188 | D:7      | Lost a life (1 life remaining)
  7224 | D:7      | Killed by an exploding blazeheart core
  7224 | D:7      | Lost a life (0 lives remaining)
  7225 | D:7      | Found a staircase to the Ecumenical Temple.
  7228 | Temple   | Entered the Ecumenical Temple
  7257 | Temple   | Became a worshipper of Gozag Ym Sagoz the Greedy
  7615 | D:7      | Found a runed translucent door.
  7615 | D:7      | Noticed Maurice
  7625 | D:7      | Found a runed translucent door.
  7667 | D:7      | Killed Maurice
  7668 | D:7      | Reached XP level 9. HP: 44/44 MP: 5/18
  8357 | D:6      | Killed Pikel
  8358 | D:6      | Reached skill level 5 in Dodging
  8799 | D:8      | Found a snail-covered altar of Cheibriados.
  9138 | D:8      | Reached skill level 5 in Air Magic
  9856 | D:8      | Reached XP level 10. HP: 39/49 MP: 18/21
  9856 | D:8      | Gained a life (1 life remaining)
 10102 | D:9      | Noticed a two-headed ogre
 10125 | D:9      | Killed a two-headed ogre
 10126 | D:9      | Reached skill level 1 in Translocations
 11018 | D:6      | Bought Acanthus's Anthology of the Lunargent Thorn for 858
                  | gold pieces
 11024 | D:6      | Learned a level 5 spell: Summon Forest
 11114 | D:9      | Found a staircase to the Lair.
 11512 | D:10     | Entered Level 10 of the Dungeon
 11564 | D:10     | Found a blossoming altar of Fedhas.
 11687 | D:10     | Reached skill level 5 in Fighting
 11687 | D:10     | Reached skill level 5 in Translocations
 11905 | D:10     | Noticed a deep elf pyromancer
 12100 | D:10     | Found a staircase to the Orcish Mines.
 12272 | D:10     | Killed a deep elf pyromancer
 12273 | D:10     | Reached XP level 11. HP: 48/56 MP: 14/23
 12340 | D:10     | Noticed a boulder beetle
 12350 | D:10     | Noticed a two-headed ogre
 12354 | D:10     | Killed a boulder beetle
 12358 | D:10     | Killed a two-headed ogre
 12481 | D:10     | Identified the ring "Worhepucei" {Fly rC+ rCorr Dex+3}
 12481 | D:10     | Noticed a skeletal warrior
 12753 | D:10     | Succumbed to barbed spike wounds
 12753 | D:10     | Lost a life (0 lives remaining)
 12792 | D:10     | Killed a skeletal warrior
 13062 | D:10     | Identified the +1 troll leather armour of Juseptot {rF+
                  | Regen+}
 13062 | D:10     | Identified the ring "Aciwon" {EV+5 Dex+5}
 13255 | D:10     | Noticed a two-headed ogre
 13265 | D:10     | Killed a two-headed ogre
 13340 | D:10     | Shot with a bolt by a yaktaur

Illustrated notes

Levels and vault maps discovered:
D:1:      dpeg_arrival_tiny_a, layout_basic
D:2:      layout_basic, uniq_jessica
D:3:      layout_basic, serial_shops, nicolae_shop_tiny_waterfront
D:4:      layout_loops_ring, lightli_temple_of_fire, nzn_wu_jian_contemplation,
          serial_shops, nicolae_shop_tiny_waterfront, roderic_roman_lattice
D:5:      layout_loops_ring, dreamdust_mushroom_princess,
          minmay_misc_feat_roman, cheibrodos_gnoll_hut
D:6:      layout_gridville, elyvilon_altar_3, ebering_ghost_rock_garden,
          hangedman_decor_slide_cut, nicolae_custom_books, uniq_pikel,
          uniq_duvessa
D:7:      lemuel_insect_pit, layout_basic, minmay_temple_entry_fiery,
          uniq_maurice
D:8:      layout_basic, lemuel_crystal_altar
D:9:      layout_basic, due_lair_maze_entry_diamond, roderic_serpentine_path,
          fountainhead, amcnicky_mini_pool_medium
D:10:     minmay_the_grid_octo_tiled_squarecenter [minmay_the_grid_octo_focus,
          minmay_the_grid_octo_chip, minmay_the_grid_octo_concentric,
          minmay_the_grid_octo_thin_diamonds,
          minmay_the_grid_square_5x5_megaprize_checkered,
          minmay_the_grid_square_5x5_fat_x,
          minmay_the_grid_square_5x5_eight_small,
          minmay_the_grid_square_5x5_forky,
          minmay_the_grid_square_5x5_beaten_path], layout_loops_corners,
          grunt_temple_overflow_forces_of_nature, orc_0_dummy,
          chequers_serial_rivers_large_b, serial_park_tiny_1
Temple:   eino_temple_scatter_basement

Skill      XL: |  1  2  3  4  5  6  7  8  9 10 11 |
---------------+----------------------------------+-----
Spellcasting   | 3 4 5 6 7 8 |  8.5
Summonings     | 5 6 7 8 9 |  9.9
Fire Magic     | 2 3 4 5 |  5.0
Dodging        | 3 4 6 8 9 |  9.6
Fighting       | 3 5 6 |  6.1
Stealth        | 4 |  4.1
Air Magic      | 2 5 |  5.0
Translocations | 5 7 |  7.2

Action                     |  1- 3 |  4- 6 |  7- 9 | 10-12 || total
---------------------------+-------+-------+-------+-------++-------
  Melee: Unarmed           |    21 |   113 |   118 |    25 ||   277
         Bite              |     4 |    21 |    10 |     6 ||    41
         Punch             |       |     1 |       |       ||     1
   Cast: Summon Small Mamm |    33 |    13 |     5 |       ||    51
         Call Imp          |    13 |    17 |    22 |     1 ||    53
         Call Canine Famil |     1 |    13 |    43 |    16 ||    73
         Summon Blazeheart |       |       |    20 |    37 ||    57
         Summon Lightning  |       |       |     3 |     7 ||    10
         Blink             |       |       |     1 |       ||     1
         Summon Forest     |       |       |       |     3 ||     3
  Evoke: Wand              |       |       |     2 |     6 ||     8
    Use: Scroll            |     2 |     6 |     9 |     2 ||    19
         Potion            |       |       |     2 |       ||     2
   Stab: Sleeping          |     1 |     6 |     1 |       ||     8
         Distracted        |       |     2 |     2 |     2 ||     6
 Armour: Skin              |    15 |    38 |   111 |    52 ||   216
  Dodge: Dodged            |    23 |   109 |   276 |    98 ||   506
   Form: Beast             |       |       |       |     1 ||     1
